 Dungeon Sprint DCSS version 0.31-a0-564-g3b7de120b3 (webtiles) character file.

Game seed: 16542171602692709380

199 rocky1 the Ruffian (level 6, -8/70 HPs)
             Began as a Djinni Shapeshifter on Aug 18, 2023.
             Was an Initiate of Gozag.
             Mangled by a two-headed ogre
             ... wielding a +0 giant club
              (13 damage)
             ... in the Dungeon (Sprint IX: "|||||||||||||||||||||||||||||").
             The game lasted 00:00:47 (480 turns).

rocky1 the Ruffian (Djinni Shapeshifter)             Turns: 480, Time: 00:00:48

Health: -8/70      AC: 23    Str: 16    XL:     6   Next: 6%
Gold:   0          EV:  2    Int:  9    God:    Gozag SH:  0 Dex: 14

rFire   . .          .
                       - Unarmed
rCold   . . .        (no shield)
rNeg    . . .        a - melded +0 animal skin
rPois   ∞            (helmet currently unavailable)
rElec   .            (cloak currently unavailable)
rCorr   .            (gloves currently unavailable)
SInv    .            (boots unavailable)
Will    .....        (no amulet)
Stlth   +            (no ring)
HPRegen 0.31/turn    (no ring)
MPRegen 0.00/turn

%: no teleportation, infuse magic (-9 HP)
@: tree-form, gold aura
A: stationary, stasis, torment immunity, boosted hp, sickness immunity, (fire
resistance 2), (cold vulnerability 1), float, innate caster, HP casting, extra
vitality 1
a: Renounce Religion, Potion Petition, Call Merchant, Bribe Branch


You were in the Dungeon.
You worshipped Gozag.
Gozag was noncommittal.
You were a tree.
You visited 1 branch

Inventory:

Armour
 a - a +0 animal skin (melded)
Jewellery
 l - a +3 ring of intelligence
 m - a +3 ring of strength
Talismans
 c - a beast talisman
 d - a flux talisman
Wands
 k - a wand of roots (10)
Scrolls
 i - 2 scrolls of blinking
Potions
 e - 5 potions of curing
 f - a potion of invisibility
 g - a potion of haste
 h - a potion of berserk rage
 j - a potion of heal wounds


   Skills:
 * Level 3.9 Fighting
 + Level 4.5 Dodging
 + Level 7.5 Unarmed Combat
 + Level 6.2 Shapeshifting


You knew the following spells:

 Your Spells              Type           Power      Damage    Failure   Level
a - Apportation           Tloc           0%         N/A       38%         1
b - Passwall              Tmut/Erth      0%         N/A       52%         2
Your spell library was empty.

Dungeon Overview and Level Annotations

Branches:
Dungeon (1/1)

Altars:
Cheibriados
Dithmenos
Elyvilon
Fedhas
Gozag
Hepliaklqana
Makhleb
Nemelex Xobeh
Okawaru
Qazlal
Ru
Trog
Uskayaw
Wu Jian
Xom
Yredelemnul
Zin
The Shining One
Jiyva
Lugonu


Innate Abilities, Weirdness & Mutations

You are a tree.
Your roots penetrate the ground, keeping you stationary.
You cannot be teleported.
You are immune to unholy pain and torment.
Your maximum health is greatly increased.
Your equipment is partially melded.
You are immune to sickness and miasma.
You are immune to poison.
((Your flesh is very heat resistant. (rF++)))
((You are vulnerable to cold. (rC-)))
You float through the air rather than walking.
You learn spells naturally, not from books.
Your magical power is your life essence.
You have superior vitality. (+4 MHP)


Message History

The shadow is almost destroyed.
The shadow hits you.
You smack the shadow!
You destroy the shadow!
The centaur shoots an arrow.
The arrow hits you!
Your Fighting skill increases to level 3!
Your Dodging skill increases to level 4!
Your Unarmed Combat skill gained 2 levels and is now at level 7!
Your Shapeshifting skill gained 2 levels and is now at level 6!
You have reached level 5!
The power to cast Passwall wells up from within.
Spell assigned to 'b'.
You have reached level 6!
You feel much better.
The centaur shoots an arrow.
The arrow hits you.
Unknown command.
The yak is distracted by your dazzling golden aura.
The yak is no longer distracted by gold.
You smack the two-headed ogre!
The two-headed ogre is lightly wounded.
The two-headed ogre hits you with a +0 giant club.
The two-headed ogre hits you with a +0 giant club!!
You barely miss the two-headed ogre. You punch the two-headed ogre.
The two-headed ogre is moderately wounded.
The kobold brigand is distracted by your dazzling golden aura.
The two-headed ogre hits you with a +0 giant club.
The two-headed ogre hits you with a +0 giant club!
* * * LOW HITPOINT WARNING * * *
The kobold brigand shouts!
You hit the two-headed ogre but do no damage.
The two-headed ogre is moderately wounded.
The centaur is distracted by your dazzling golden aura.
The centaur shouts!
You smack the two-headed ogre!
You punch the two-headed ogre.
The two-headed ogre is severely wounded.
The kobold brigand is no longer distracted by gold.
The two-headed ogre hits you with a +0 giant club!
* * * LOW HITPOINT WARNING * * *
The two-headed ogre hits you with a +0 giant club!
You die...
Your body crumbles into a pile of gold. ▓▓▓▓▓▓▓▓▓▓▓▓▓▓▓▓▓▓▓▓▓▓▓▓ ..KcYcO♣.[[[.)?!'_______ ▓▓▓▓▓▓▓▓▓▓▓▓▓▓▓▓▓▓▓▓▓▓▓▓

You could see a two-headed ogre, a yak, a kobold brigand and 2 centaurs.

Vanquished Creatures
  A shadow (D)
  A hound (D)
  An adder (D)
  A dart slug (D)
  An orc (D)
  An endoplasm (D)
  A giant cockroach (D)
  A goblin (D)
  A hobgoblin (D)
  A kobold (D)
  A quokka (D)
11 creatures vanquished.

Notes
Turn   | Place    | Note
-------+----------+-------------------------------------------
     0 | D        | rocky1 the Djinni Shapeshifter began the quest for the Orb.
     0 | D        | Reached XP level 1. HP: 17/17 MP: 0/0
    14 | D        | Reached XP level 2. HP: 16/22 MP: 0/0
   251 | D        | HP: 1/22 [hound (3)]
   253 | D        | Reached skill level 4 in Unarmed Combat
   253 | D        | Reached XP level 3. HP: 1/28 MP: 0/0
   253 | D        | Learned a level 1 spell: Apportation
   264 | D        | Reached skill level 5 in Unarmed Combat
   264 | D        | Reached XP level 4. HP: 19/34 MP: 0/0
   423 | D        | Found a snail-covered altar of Cheibriados.
   423 | D        | Found a shadowy altar of Dithmenos.
   423 | D        | Found a white marble altar of Elyvilon.
   423 | D        | Found a blossoming altar of Fedhas.
   423 | D        | Found an opulent altar of Gozag.
   424 | D        | Found a hazy altar of Hepliaklqana.
   425 | D        | Found a viscous altar of Jiyva.
   427 | D        | Found a corrupted altar of Lugonu.
   428 | D        | Found a burning altar of Makhleb.
   429 | D        | Found a sparkling altar of Nemelex Xobeh.
   430 | D        | Found an iron altar of Okawaru.
   431 | D        | Became a worshipper of Gozag Ym Sagoz the Greedy
   432 | D        | Found a stormy altar of Qazlal.
   433 | D        | Found a sacrificial altar of Ru.
   435 | D        | Found a bloodstained altar of Trog.
   436 | D        | Found a hide-covered altar of Uskayaw.
   438 | D        | Found an ornate altar of the Wu Jian Council.
   439 | D        | Found a shimmering altar of Xom.
   440 | D        | Found a basalt altar of Yredelemnul.
   441 | D        | Found a glowing silver altar of Zin.
   442 | D        | Found a glowing golden altar of the Shining One.
   466 | D        | Noticed a kobold brigand
   466 | D        | Noticed a centaur
   466 | D        | Noticed a two-headed ogre
   466 | D        | Noticed a yak
   466 | D        | Noticed a centaur
   466 | D        | Noticed a shadow
   473 | D        | Killed a shadow
   474 | D        | Reached skill level 7 in Unarmed Combat
   474 | D        | Reached XP level 5. HP: 22/41 MP: 0/0
   474 | D        | Learned a level 2 spell: Passwall
   474 | D        | Reached XP level 6. HP: 25/47 MP: 0/0
   480 | D        | Mangled by a two-headed ogre

Illustrated notes

Levels and vault maps discovered:
D:        linesprint [early_d, line_temple, items_1, d_10, items_2, lair_1,
          lair_end, items_3, orc_1, orc_end, items_4, d_15, swamp_1, shoals_1,
          snake_1, spider_1, d_20, vaults_1, items_5, swamp_end, shoals_end,
          snake_end, spider_end, vaults_end, d_27, items_6, zot_1, zot_end,
          crypt_end, forest_end, elf_end, slime_end, tomb_end, abyss_end,
          pan_hell_end]

Skill      XL: |  1  2  3  4 |
---------------+-------------+-----
Shapeshifting  | 3 4 6 |  6.2
Fighting       | 2 3 |  3.9
Unarmed Combat | 4 5 7 |  7.5
Dodging        | 3 4 |  4.5

Action                     |  1- 3 |  4- 6 || total
---------------------------+-------+-------++-------
  Melee: Unarmed           |    29 |    12 ||    41
         Punch             |       |     3 ||     3
    Use: Potion            |     1 |     2 ||     3
 Armour: Animal skin       |     1 |       ||     1
         Skin              |       |     2 ||     2
  Dodge: Dodged            |    12 |     1 ||    13

Table legend: (Time is in decaauts)
 A = Elapsed time spent in this place.
 B = Non-inter-level travel time spent in this place.
 C = Inter-level travel time spent in this place.
 D = Time resting spent in this place.
 E = Time spent auto-exploring this place.
 F = Levels seen in this place.
 G = Mean time per level.
                   A        B        C        D        E       F      G
               +--------+--------+--------+--------+--------+-----+--------+
         Total |    476 |    476 |      0 |    374 |      0 |   1 |  476.0 |
       Dungeon |    476 |    476 |      0 |    374 |      0 |   1 |  476.0 |
               +--------+--------+--------+--------+--------+-----+--------+

Top non-repeatable levels by time:
       D: 476 daAuts
